Description

_

Build Order

Get SALT Encoding   

  12  0:11  Pylon  
  12  0:14  Probe  
  13  0:29  Gateway  
  13  0:30  Probe  
  14  0:37  Assimilator  
  14  0:42  Probe  
  15  0:47  Assimilator  
  15  0:55  Probe  
  16  0:59  Action  3 probes to first gas
  16  1:09  Action  3 probes to second gas
  16  1:16  Probe  
  16  1:17  Pylon, Cybernetics Core  
  17  1:28  Probe  
  18  1:40  Probe  
  19  1:54  Stargate  
  19  2:00  Stargate  
  19  2:23  Nexus  
  19  2:37  Oracle  
  22  2:55  Action, Oracle  chrono both stargates
  25  2:56  Assimilator  
  25  3:17  Probe, Action  3 probes to assimilator 3
  26  3:29  Probe, Oracle  
  30  3:48  Probe x2, Oracle  1 each nexus
  33  3:49  Assimilator, Pylon  
  35  4:00  Probe x2  
  37  4:11  Action  3 probes to assimilator 4
  37  4:12  Oracle  
  40  4:26  Probe x2, Oracle  
  45  4:50  Probe x2, Oracle  
  48  4:51  Pylon  
  50  5:02  Probe x2  
  52  5:14  Probe x2  
Spawning Tool Build Advisor. Get it on Overwolf

Go to:

Details

  • Created by: madfrog
  • Published on: Apr 25, 2022
  • Modified on: Apr 25, 2022
  • Patch: 4.11.0
  • Difficulty: Hard
Show
View Real Time Build Order
Export as new Build Order

Comments (0)

There are no comments. Be the first!

Create an account to comment!